 Dungeon Crawl Stone Soup version 0.22.1-1-ga44c0e5 (webtiles) character file.

1906 buskinjo2 the Carver (level 9, -3/58 HPs)
             Began as an Octopode Chaos Knight on Sept 30, 2018.
             Slain by an orc warrior
             ... wielding a +0 dire flail
              (17 damage)
             ... on level 6 of the Dungeon.
             The game lasted 00:29:31 (7407 turns).

buskinjo2 the Carver (Octopode Chaos Knight)        Turns: 7407, Time: 00:29:32

Health: -3/58      AC:  1    Str: 13    XL:     9   Next: 16%
Magic:  9/9        EV: 14    Int: 14    God:    Xom [*.....]
Gold:   346        SH:  4    Dex: 11    Spells: 8/8 levels left

rFire    . . .     SeeInvis .   a - +0 falchion (chaos)
rCold    . . .     Gourm    .   e - +1 buckler
rNeg     . . .     Faith    .   (helmet restricted)
rPois    .         Spirit   .   (no amulet)
rElec    .         Reflect  .   (no ring)
rCorr    .         Harm     .   (no ring)
MR       .....                  (no ring)
Stlth    ++++......             (no ring)
HPRegen  0.19/turn              (no ring)
MPRegen  0.11/turn              (no ring)
                                (no ring)
                                (no ring)

@: no status effects
A: almost no armour, stealthy swim, amphibious, 8 rings, constrict 8, tentacle
spike 1, camouflage 1, clumsy 1, gelatinous body 1
a: Renounce Religion


You were on level 6 of the Dungeon.
You worshipped Xom.
You were a special plaything of Xom.
You were very hungry.

You visited 1 branch of the dungeon, and saw 8 of its levels.

You collected 346 gold pieces.

Inventory:

Hand Weapons
 a - a +0 falchion of chaos (weapon)
 c - a +0 scimitar
Missiles
 g - 247 stones (quivered)
Armour
 e - a +1 buckler (worn)
Scrolls
 k - 2 scrolls of magic mapping
 m - a scroll of amnesia
Potions
 n - a potion of brilliance
Comestibles
 b - 9 rations


   Skills:
 - Level 4.0 Fighting
 * Level 10.1 Long Blades
 - Level 4.4 Dodging
 - Level 6.0 Stealth
 + Level 0.0 Shields


You had 8 spell levels left.
You didn't know any spells.
Your spell library was empty.

Dungeon Overview and Level Annotations

Branches:
Dungeon (8/15)             Temple (0/1) D:5
   Lair: D:8-11

Altars:
Cheibriados
Fedhas
Hepliaklqana
Nemelex Xobeh
Okawaru
Qazlal
Trog
Uskayaw
Wu Jian
Xom


Innate Abilities, Weirdness & Mutations

You cannot wear most types of armour.
You are very stealthy in the water. (Stealth+)
You are amphibious.
You can wear up to eight rings at the same time.
You can use your tentacles to constrict eight enemies at once.
Your skin changes colour to match your surroundings (Stealth+).
Your rubbery body absorbs attacks. (AC +1, EV +1)
One of your tentacles bears a spike.
You are clumsy. (Dex -2)


Message History

You grab the orc warrior.
You pierce the orc warrior.
The orc warrior is lightly wounded.
You constrict the orc warrior, but do no damage.
The orc warrior closely misses you.
You riposte.
You hit the orc warrior.
The orc warrior goes berserk!
Xom thinks this is hilarious!
The orc warrior is moderately wounded.
Okay, then.
Okay, then.
You barely miss the orc warrior. You squeeze the orc warrior.
The orc warrior is moderately wounded.
You constrict the orc warrior, but do no damage.
The orc warrior hits you with a dire flail!
* * * LOW HITPOINT WARNING * * *
You barely miss the orc warrior.
You pierce the orc warrior.
The orc warrior is moderately wounded.
You constrict the orc warrior.
The orc warrior hits you with a dire flail!
You die...
Xom titters!

#............#***,,,,,,##......#.
#.###.##..........,,,,,*#....###.
#..................,,,,*#....#*#.
#..........>...................#.
......(..(........#..##.#......#.
..#.....(...$....,,,,*#........#.
.......##.......*,,,,##....(.....
....#..##...#.#####..........#.#.
#.#>............@o..........##.#.
..#######.#.....##...........*.#,
### #.####..#*,.....,,*,,*,**
#.#**#<##*,,....,,,,,,,,,
#..,,#.# *,,,...,,,,,,,**
###*,#.#**,,,,..*,******
*,,,#..,*,,,,*#*,* *,**###,,,**,*
*,* *,**,,,,,,,*,***,*


You could see an orc warrior (berserk).

Vanquished Creatures
  Sigmund (D:5)
  Edmund (D:5)
  Duvessa (D:6)
  A sky beast (D:5)
  An ice beast (D:5)
  An orc warrior (D:6)
  A phantom (D:5)
  An ogre (D:5)
  3 bullfrogs (D:6)
  Dowan (D:6)
  4 wights (D:6)
  A crimson imp (D:8)
  A howler monkey (D:5)
  A hound (D:8)
  3 orc priests
  5 orc wizards
  A centaur skeleton (D:6)
  2 worker ants
  2 hound zombies (D:5)
  A hound skeleton (D:4)
  4 adders
  3 gnolls (D:3)
  A howler monkey skeleton (D:8)
  A shadow imp (D:6)
  An adder zombie (D:6)
  An adder skeleton (D:5)
  2 worms
  2 dart slugs
  5 leopard geckos
  28 orcs
  A ball python (D:1)
  5 bats
  6 giant cockroaches
  7 goblins
  7 hobgoblins
  8 jackals
  7 kobolds
  4 quokkas
  3 frilled lizards
  A giant cockroach zombie (D:6)
  A jackal skeleton (D:4)
  A leopard gecko skeleton (D:6)
  5 rats
137 creatures vanquished.

Notes
Turn   | Place    | Note
-------+----------+-------------------------------------------
     0 | D:1      | buskinjo2 the Octopode Chaos Knight began the quest for the
                  | Orb.
     0 | D:1      | Reached XP level 1. HP: 16/16 MP: 1/1
    16 | D:1      | XOM: butterfly on damage
   152 | D:1      | Reached XP level 2. HP: 20/21 MP: 2/2
   447 | D:1      | Reached skill level 4 in Long Blades
   627 | D:2      | Reached XP level 3. HP: 22/26 MP: 3/3
   741 | D:2      | XOM: scenery: create altars
   756 | D:2      | Noticed a crocodile
   756 | D:2      | a worm changed into a crocodile
   780 | D:2      | XOM: harmless Tloc miscast
   784 | D:2      | XOM: potion effect (agility)
  1074 | D:2      | XOM: cast spell 'Summon Ice Beast'
  1088 | D:2      | Reached skill level 1 in Stealth
  1316 | D:2      | Reached XP level 4. HP: 28/31 MP: 4/4
  1319 | D:2      | XOM: medium Ice miscast
  1450 | D:3      | XOM: harmless Air miscast
  1853 | D:3      | Reached skill level 5 in Long Blades
  1861 | D:3      | Reached XP level 5. HP: 17/36 MP: 5/5
  2010 | D:3      | Found an ornate altar of the Wu Jian Council.
  2278 | D:3      | XOM: scenery: 2 doors close
  2594 | D:3      | Found a blossoming altar of Fedhas.
  2797 | D:3      | XOM: mild Summ miscast
  2950 | D:3      | XOM: divination: detect creatures
  3089 | D:3      | Found a hazy altar of Hepliaklqana.
  3188 | D:4      | XOM: harmless Hex miscast
  3203 | D:4      | XOM: smoke on damage
  3737 | D:5      | Entered Level 5 of the Dungeon
  3750 | D:5      | Reached XP level 6. HP: 30/42 MP: 6/6
  3848 | D:5      | Found a hide-covered altar of Uskayaw.
  3856 | D:5      | Reached skill level 6 in Long Blades
  4105 | D:5      | Noticed Sigmund
  4110 | D:5      | XOM: enchant monster (good)
  4130 | D:5      | Killed Sigmund
  4130 | D:5      | Reached XP level 7. HP: 37/46 MP: 7/7
  4345 | D:5      | Noticed a hand axe
  4345 | D:5      | Noticed a dagger
  4360 | D:5      | XOM: confuse monster(s)
  4363 | D:5      | Reached skill level 7 in Long Blades
  4503 | D:5      | Found a staircase to the Ecumenical Temple.
  4503 | D:5      | XOM: mild Hex miscast
  4553 | D:5      | XOM: smoke on damage
  4791 | D:5      | Noticed Edmund
  4800 | D:5      | Killed Edmund
  4888 | D:5      | XOM: harmless Tloc miscast
  5013 | D:5      | XOM: silly message
  5014 | D:5      | XOM: scenery: create altars
  5033 | D:5      | Reached skill level 8 in Long Blades
  5033 | D:5      | Reached XP level 8. HP: 19/53 MP: 8/8
  5093 | D:5      | XOM: cloud trail
  5181 | D:5      | XOM: 3-stop teleportation journey
  5211 | D:5      | Found an iron altar of Okawaru.
  5211 | D:5      | Found a bloodstained altar of Trog.
  5265 | D:5      | Found a stormy altar of Qazlal.
  5332 | D:5      | XOM: enchant monster (bad)
  5339 | D:5      | XOM: confusion
  5656 | D:5      | XOM: mild Air miscast
  5861 | D:5      | You fall through a shaft for 3 floors!
  5937 | D:8      | Found a snail-covered altar of Cheibriados.
  6093 | D:7      | XOM: 1-stop teleportation journey
  6190 | D:6      | Reached skill level 9 in Long Blades
  6300 | D:6      | XOM: 1-stop teleportation journey
  6317 | D:6      | Reached skill level 5 in Stealth
  6559 | D:6      | Found a sparkling altar of Nemelex Xobeh.
  6572 | D:6      | XOM: confuse monster(s)
  6574 | D:6      | XOM: give mutations
  6574 | D:6      | Gained mutation: You are clumsy. (Dex -2) [Xom's mischief]
  6574 | D:6      | Gained mutation: One of your tentacles bears a spike.
                  | [Xom's mischief]
  6575 | D:6      | Reached XP level 9. HP: 58/58 MP: 9/9
  6589 | D:6      | XOM: harmless Air miscast
  6590 | D:6      | XOM: mild Chrm miscast
  6695 | D:6      | Noticed Duvessa
  6697 | D:6      | Noticed Dowan
  6722 | D:6      | Killed Duvessa
  6722 | D:6      | Reached skill level 10 in Long Blades
  6726 | D:6      | Killed Dowan
  6934 | D:6      | XOM: 1-stop teleportation journey
  7407 | D:6      | Slain by an orc warrior

Skill      XL: |  1  2  3  4  5  6  7  8  9 |
---------------+----------------------------+-----
Long Blades    | 4 5 6 8 9 10 | 10.1
Stealth        | 1 2 5 6 |  6.0
Dodging        | 3 4 |  4.4
Fighting       | 4 |  4.0

Action                   |  1- 3 |  4- 6 |  7- 9 || total
-------------------------+-------+-------+-------++-------
Melee: Falchion          |    62 |   124 |   169 ||   355
       Constrict         |    14 |    39 |    39 ||    92
       Tentacles         |    11 |    26 |    37 ||    74
       Kick              |       |       |    15 ||    15
Throw: Stone             |     1 |     9 |    16 ||    26
  Use: Scroll            |     4 |     3 |     8 ||    15
       Potion            |     1 |     3 |     4 ||     8
 Stab: Sleeping          |     4 |     8 |     3 ||    15
       Paralysed         |       |     3 |       ||     3
       Petrified         |       |     6 |       ||     6
       Confused          |       |       |     1 ||     1
  Eat: Chunk             |     1 |     9 |     6 ||    16
       Ration            |       |       |     1 ||     1
Armor: Skin              |     3 |     5 |     6 ||    14
Dodge: Dodged            |    37 |    58 |    77 ||   172
Block: Buckler           |       |       |     2 ||     2
       Rpst.: Falchion   |    11 |    19 |    23 ||    53
